 Dungeon Crawl Stone Soup version 0.28-a0-1182-g381e24db82 (webtiles) character file.

Game seed: 7401684854124744679

126 ChaosChampion the Insei (level 5, -4/33 HPs)
             Began as an Octopode Transmuter on Dec 17, 2021.
             Splashed by a jelly's acid (5 damage)
             ... on level 4 of the Dungeon.
             The game lasted 00:04:22 (4441 turns).

ChaosChampion the Insei (Octopode Transmuter)       Turns: 4441, Time: 00:04:22

Health: -4/33      AC: -6    Str: 15    XL:     5   Next: 9%
Magic:  3/8        EV: 19    Int: 18    God:
Gold:   136        SH:  0    Dex: 17    Spells: 2/8 levels left

rFire   . . .      SeeInvis .     - Unarmed
rCold   . . .      Faith    .   (shield currently unavailable)
rNeg    . . .      Spirit   .   (helmet currently unavailable)
rPois   .          Reflect  .   (no amulet)
rElec   .          Harm     .   e - ring of wizardry
rCorr   .          Rampage  .   b - ring of poison resistance
Will    .....                   g - +6 ring of strength
Stlth   ++........              (no ring)
HPRegen 0.11/turn               (no ring)
MPRegen 0.11/turn               (no ring)
                                (no ring)
                                (no ring)

@: spider-form, corroded
A: venomous fangs, almost no armour, (amphibious), 8 rings, tiny, (camouflage
1), (gelatinous body 1), (nimble swimmer 1), (tentacles)
a: End Transformation


You were on level 4 of the Dungeon.
You were a venomous arachnid creature.
You visited 1 branch of the dungeon, and saw 4 of its levels.

You collected 136 gold pieces.

Inventory:

Jewellery
 b - a ring of poison resistance (right front leg)
 e - a ring of wizardry (left front leg)
 g - a +6 ring of strength (on tentacle)
Scrolls
 a - 2 scrolls of teleportation
Potions
 c - a potion of haste {unknown}
 d - 4 potions of heal wounds
 f - 3 potions of curing {unknown}
 i - a potion of brilliance {unknown}


   Skills:
 - Level 1.0 Fighting
 - Level 2.0 Dodging
 * Level 4.5 Unarmed Combat
 - Level 2.0 Spellcasting
 + Level 3.0 Transmutations
 * Level 2.4 Poison Magic


You had 2 spell levels left.
You knew the following spells:

 Your Spells              Type           Power      Damage    Failure   Level
a - Beastly Appendage     Tmut           24%        N/A       6%          1
b - Wereblood             Tmut           12%        N/A       9%          2
c - Spider Form           Tmut/Pois      11%        N/A       16%         3

Your spell library contained the following spells:

 Spells                   Type           Power      Damage    Failure   Level
 Summon Small Mammal      Summ           4%         N/A       16%         1
 Call Canine Familiar     Summ           1%         N/A       36%         3
 Gell's Gravitas          Tloc           1%         N/A       36%         3
 Lesser Beckoning         Tloc           1%         N/A       36%         3
 Summon Guardian Golem    Hex/Summ       1%         N/A       36%         3
 Teleport Other           Tloc           1%         N/A       36%         3
 Ice Form                 Ice/Tmut       7%         N/A       52%         4


Dungeon Overview and Level Annotations

Branches:
Dungeon (4/15)             Temple (0/1) D:4

Altars:

Shops:
D:1 (


Innate Abilities, Weirdness & Mutations

You are a venomous arachnid creature.
You have poisonous fangs.
You are tiny and dextrous.
Your spellcasting is less reliable in this form.
Your armour is entirely melded.
You are incapable of wielding weapons or throwing items.
You cannot wear most types of armour.
((You are amphibious.))
You can wear up to eight rings at the same time.
((Your skin changes colour to match your surroundings (Stealth+).))
((Your rubbery body absorbs attacks. (AC +1, EV +1)))
((You are camouflaged near water. (Stealth+)))
((You have tentacles for arms and can constrict up to eight enemies at once.))


Message History

An orc comes into view. It is wielding a +0 hand axe. x2
Your primal bloodlust is almost over.
A jackal comes into view.
An adder skeleton comes into view.
You completely miss the orc.
Your transformation has ended.
The orc closely misses you.
You tentacle-slap the orc. You grab the orc.
The orc is severely wounded.
You constrict the orc.
You kill the orc!
The jelly jiggles.
You closely miss the adder skeleton. You grab the adder skeleton.
You squeeze the adder skeleton.
The adder skeleton is lightly damaged.
You constrict the adder skeleton. The adder skeleton bites you.
Casting: Wereblood (safe; 3% risk of failure)
Confirm with . or Enter, or press ? or * to list all spells.
The spell is quite dangerous to miscast (8% risk of failure)!
Continue anyway?
You turn into a venomous arachnid creature.
You lose your grip on the adder skeleton.
The jackal closely misses you. The jackal completely misses you.
You hit the jelly.
Your front legs burn!
The jelly is heavily wounded.
The jackal closely misses you. The jelly hits you. The acid corrodes you!
You are splashed with acid.
You hit the jelly.
Your front legs burn!
The jelly is severely wounded.
Your primal bloodlust has ended.
The jackal closely misses you. The orc misses you.
The adder skeleton barely misses you. The jelly completely misses you.
You hit the jelly but do no damage.
Your front legs burn!
The jelly is severely wounded.
The jackal misses you. The orc hits you with a +0 hand axe.
* * * LOW HITPOINT WARNING * * *
The adder skeleton misses you. The jackal bites you.
* * * LOW HITPOINT WARNING * * *
The jelly hits you.
* * * LOW HITPOINT WARNING * * *
The acid corrodes you!
You are splashed with acid.
You die...

***,,,,,,***
*,,,,,,,,,,,*,,**
≈**,*,,,,,,*
*,*,*******,,,**
≈**,,*****,* *.##* **,**
≈≈*,,,****,** *..# *,*
≈≈*,,,,,,,,,* *#.# *,*
≈**,,,****,,* ##.######
*,* ***,,,*
#..####...#...#***,* ##
* ***,*
#.....)........,,,,* #.
** *,*
*.#####so.#,,,****** #.
8* *,* #.....hJZ#######
##. ,* *,*
#..............#######..
,* *,*
##.###########).........
,* *,* *#,** #########.#
8* *,****,,<* ##. **
*,,,,,,,,* *# ******,,,*
*****


You could see a jelly, an orc, a jackal and an adder skeleton.

Vanquished Creatures
  Natasha (thrice) (D:2)
  3 orcs (D:4)
  2 bats
  3 giant cockroaches
  8 goblins
  8 hobgoblins
  4 jackals (D:1)
  5 ball pythons
  6 kobolds
  4 rats
46 creatures vanquished.

Notes
Turn   | Place    | Note
-------+----------+-------------------------------------------
     0 | D:1      | ChaosChampion the Octopode Transmuter began the quest for
                  | the Orb.
     0 | D:1      | Reached XP level 1. HP: 13/13 MP: 3/3
   301 | D:1      | Reached XP level 2. HP: 6/18 MP: 1/5
   911 | D:1      | Found Vuehierch's Antique Weapon Shop.
  1320 | D:2      | Found a faded altar of an unknown god.
  1325 | D:2      | Got Plato's Catalogue of Transmigration
  1348 | D:2      | Learned a level 2 spell: Wereblood
  1361 | D:2      | Reached XP level 3. HP: 23/23 MP: 3/6
  1560 | D:2      | Learned a level 3 spell: Spider Form
  1958 | D:2      | Noticed Natasha
  1979 | D:2      | Killed Natasha
  1980 | D:2      | Reached skill level 4 in Unarmed Combat
  1980 | D:2      | Reached skill level 1 in Poison Magic
  2295 | D:2      | Reached XP level 4. HP: 28/28 MP: 5/7
  2446 | D:2      | Noticed Natasha
  2457 | D:2      | Killed Natasha
  2569 | D:2      | Noticed Natasha
  2580 | D:2      | Killed Natasha
  3858 | D:3      | Reached XP level 5. HP: 33/33 MP: 8/8
  4441 | D:4      | HP: 1/33 [jelly (2)]
  4441 | D:4      | Splashed by a jelly's acid

Illustrated notes

Levels and vault maps discovered:
D:1:      dpeg_arrival_chambers_temple_mockup, layout_loops_ring, serial_shops,
          nicolae_shop_stone
D:2:      layout_basic, shapermc_ecumenical_altar_rom_forum, uniq_natasha
D:3:      layout_loops_cross
D:4:      layout_loops_ring, minmay_temple_entry_fiery

Skill      XL: |  1  2  3  4  5 |
---------------+----------------+-----
Unarmed Combat | 4 |  4.5
Poison Magic   | 1 2 |  2.4
Transmutations | 3 |  3.0
Fighting       | |  1.0
Dodging        | |  2.0
Spellcasting   | |  2.0

Action                   |  1- 3 |  4- 6 || total
-------------------------+-------+-------++-------
Melee: Unarmed           |    63 |    36 ||    99
       Constrict         |    21 |     7 ||    28
       Kick              |    10 |     2 ||    12
       Tentacles         |     8 |     4 ||    12
       Punch             |       |     1 ||     1
 Cast: Beastly Appendage |    19 |    10 ||    29
       Wereblood         |     3 |     2 ||     5
       Spider Form       |     2 |     5 ||     7
  Use: Scroll            |       |     3 ||     3
 Stab: Sleeping          |     7 |     5 ||    12
Armor: Skin              |     3 |     1 ||     4
Dodge: Dodged            |    37 |    25 ||    62

Table legend: (Time is in decaauts)
 A = Elapsed time spent in this place.
 B = Non-inter-level travel time spent in this place.
 C = Inter-level travel time spent in this place.
 D = Time resting spent in this place.
 E = Time spent auto-exploring this place.
 F = Levels seen in this place.
 G = Mean time per level.
                   A        B        C        D        E       F      G
               +--------+--------+--------+--------+--------+-----+--------+
         Total |   4444 |   4138 |    306 |    676 |   2845 |   4 | 1111.0 |
       Dungeon |   4444 |   4138 |    306 |    676 |   2845 |   4 | 1111.0 |
               +--------+--------+--------+--------+--------+-----+--------+

Top non-repeatable levels by time:
     D:2: 2242 daAuts
     D:1: 1317 daAuts
     D:3: 833 daAuts
     D:4: 50 daAuts
